Map: [ESL] Site Delta

Players

SHIN

  • Race: Zerg Zerg
  • Spawn Location: 11:00

Lambo - Winner!

  • Race: Zerg Zerg
  • Spawn Location: 5:00

Event: ESL SC2 Masters 2023 Winter (Finals)

VOD

Have the link to the VOD?

Description

Time

  • Played on: Dec. 15, 2023, 10:55 a.m.
  • Length: 7:42

All games in this series

Show
View Real Time Build Order
Export as new Build Order

SHIN Zerg 

Build Orders: Hatch First 

Get SALT Encoding   

  12  0:00  Drone  
  13  0:12  Overlord  
  13  0:16  Drone  
  14  0:30  Drone x2  
  16  0:48  Hatchery  
  15  0:50  Drone  
  15  0:55  Drone  
  17  0:57  Drone  
  18  1:09  Extractor  
  17  1:12  Spawning Pool  
  17  1:16  Drone  
  17  1:19  Drone  
  18  1:27  Drone  
  19  1:38  Drone  
  20  1:49  Drone  
  21  1:59  Queen x2  
  21  2:00  Drone x2  
  27  2:10  Overlord  
  27  2:11  Zergling x2, Metabolic Boost  
  28  2:28  Drone x2  
  30  2:32  Drone x2  
  32  2:37  Hatchery  
  32  2:43  Queen  
  33  2:47  Overlord  
  33  2:50  Drone  
  34  2:56  Drone  
  34  2:58  Drone  
  36  3:07  Zergling x12  
  36  3:11  Drone x2  
  44  3:15  Evolution Chamber  
  44  3:18  Overlord  
  43  3:20  Drone  
  44  3:30  Drone, Roach Warren  
  44  3:37  Drone  
  44  3:38  Drone x4  
  48  3:42  Zerg Missile Weapons Level 1  
  48  3:46  Drone  
  48  3:50  Zergling x6  
  48  3:53  Zergling x4  
  48  3:55  Zergling x2  
  51  4:00  Evolution Chamber  
  51  4:01  Zergling x2  
  51  4:02  Zergling x2  
  52  4:07  Zergling x2  
  53  4:10  Zergling x2  
  53  4:11  Zergling x4  
  53  4:15  Extractor  
  53  4:16  Zergling x6  
  55  4:22  Zergling x2, Queen  
  55  4:23  Zergling x4  
  52  4:26  Zergling x4  
  52  4:30  Zergling x4  
  53  4:31  Zergling x2  
  53  4:34  Zergling x2  
  53  4:36  Queen  
  52  4:41  Zergling x4  
  53  4:47  Zergling x6  
  56  4:54  Overlord  
  56  4:56  Overlord  
  56  4:59  Zergling x2  
  57  5:06  Overlord  
  57  5:13  Lair  
  57  5:15  Roach  
  57  5:16  Roach  
  57  5:18  Roach x2  
  65  5:22  Roach  
  65  5:28  Roach, Overlord  
  69  5:32  Roach x3  
  69  5:33  Roach  
  76  5:40  Drone x2  
  78  5:48  Drone x3  
  81  5:53  Drone  
  81  5:54  Extractor  
  81  5:55  Drone  
  81  5:56  Roach x2  
  86  6:00  Overlord  
  86  6:03  Roach  
  88  6:07  Drone x2  
  88  6:09  Overlord  
  90  6:13  Overlord  
  90  6:17  Spine Crawler  
  88  6:19  Roach  
  88  6:21  Roach  
  88  6:23  Roach  
  88  6:25  Roach  
  96  6:29  Roach x2  
  96  6:31  Zergling x2  
  101  6:33  Roach  
  101  6:35  Roach  
  113  6:40  Roach x4  
  113  6:46  Overlord  
  113  6:53  Roach x3  
  106  6:57  Zergling x2  
  88  7:02  Roach  
  88  7:05  Roach  
  88  7:07  Roach  
  80  7:10  Zergling x2, Roach  
  65  7:24  Zergling x2  
Show
View Real Time Build Order
Export as new Build Order

Lambo Zerg - Winner!

Build Orders: Hatch First 

Get SALT Encoding   

  12  0:00  Drone  
  13  0:07  Drone  
  14  0:14  Extractor, Drone  
  15  0:36  Hatchery  
  15  0:42  Extractor, Drone  
  14  0:47  Overlord  
  15  1:02  Spawning Pool  
  14  1:05  Drone  
  14  1:09  Drone  
  16  1:13  Drone  
  16  1:16  Drone  
  18  1:22  Extractor  
  17  1:27  Drone  
  18  1:38  Drone  
  19  1:49  Queen x2  
  19  1:50  Drone  
  19  1:51  Drone  
  25  2:00  Drone  
  26  2:01  Overlord  
  26  2:10  Drone x2  
  28  2:21  Drone x2  
  30  2:24  Queen  
  30  2:26  Metabolic Boost  
  32  2:35  Overlord  
  32  2:37  Drone  
  32  2:43  Drone x2  
  35  2:50  Evolution Chamber  
  34  2:53  Drone  
  34  2:58  Drone  
  36  3:00  Zergling x8, Drone  
  36  3:02  Overlord  
  41  3:10  Roach Warren  
  40  3:15  Zergling x2  
  40  3:19  Overlord  
  41  3:22  Zergling x2, Zerg Ground Armor Level 1  
  42  3:27  Zergling x2  
  42  3:32  Zergling x8  
  47  3:35  Zergling x2  
  48  3:43  Zergling x6  
  51  3:51  Zergling x2  
  50  3:56  Zergling x4  
  52  4:03  Hatchery  
  52  4:05  Extractor  
  52  4:09  Zergling x4  
  51  4:11  Drone x2  
  51  4:15  Zergling x4  
  53  4:21  Zergling x2  
  53  4:23  Zergling x6  
  50  4:27  Zergling x2  
  50  4:33  Zergling x2  
  47  4:38  Zergling x2  
  47  4:41  Drone x4  
  50  4:48  Queen  
  50  4:51  Roach x3  
  58  4:54  Overlord  
  58  4:59  Overlord  
  58  5:02  Overlord  
  60  5:14  Roach x4  
  60  5:16  Zergling x4  
  60  5:19  Zergling x6  
  71  5:24  Zergling x2  
  72  5:30  Zergling x6  
  75  5:38  Zergling x6  
  78  5:43  Overlord  
  78  5:45  Zergling x4  
  80  5:50  Zergling x10  
  80  5:55  Zergling x2  
  86  5:59  Zergling x2  
  86  6:01  Ravager x3  
  86  6:02  Overlord  
  90  6:04  Overlord  
  90  6:10  Zergling x2  
  91  6:13  Zergling x4  
  91  6:17  Zergling x2  
  91  6:18  Zergling x8  
  98  6:21  Ravager x2  
  98  6:22  Zergling x2  
  98  6:23  Zergling x4  
  98  6:25  Zergling x2  
  104  6:26  Ravager  
  104  6:29  Zergling x4  
  104  6:31  Zergling x2  
  108  6:33  Zergling x2  
  109  6:41  Zergling x4  
  109  6:45  Zergling x8  
  113  6:54  Zergling x10  
  106  6:56  Zergling x2  
  106  6:57  Zergling x2, Ravager  
  106  7:00  Zergling x2  
  93  7:02  Zergling x2  
  86  7:09  Zergling x8  
  86  7:14  Zergling x6  
  80  7:18  Roach  
  76  7:40  Ravager  
Tags
 
Add a new tag
Caveats
  • Supply blocks, unpowered buildings, or Contaminate may cause inaccurate times.
  • Supply counts are checked every 10 seconds.